 Seeded DCSS version 0.31.0-12-g77e489cdc1 (webtiles) character file.

Game seed: 5852599659512852149 (custom seed)

57 CInkIbrahim the Slasher (level 3, -1/27 HPs)
             Began as a Vampire Gladiator on Feb 11, 2024.
             Slain by Natasha (8 damage)
             ... on level 2 of the Dungeon.
             The game lasted 00:03:04 (988 turns).

CInkIbrahim the Slasher (Vampire Gladiator)          Turns: 988, Time: 00:03:05

Health: -1/27      AC:  5    Str: 13    XL:     3   Next: 73%
Magic:  3/3        EV: 13    Int: 10    God:
Gold:   95         SH:  0    Dex: 17    Spells: 2/2 levels left

rFire   . . .        a - +0 long sword
rCold   . . .        (no shield)
rNeg    . . .        b - +0 leather armour
rPois   .            c - +0 helmet
rElec   .            q - +0 cloak
rCorr   .            (no gloves)
SInv    +            (no boots)
Will    .....        (no amulet)
Stlth   +            (no ring)
HPRegen 0.44/turn    (no ring)
MPRegen 0.08/turn

%: no passive effects
@: healing quickly
A: alive, fangs 3, see invisible, vampiric 2
a: Exsanguinate


You were on level 2 of the Dungeon.
You visited 1 branch of the dungeon, and saw 2 of its levels.

You collected 95 gold pieces.

Inventory:

Hand Weapons
 a - a +0 long sword (weapon)
Missiles
 d - 3 throwing nets (quivered)
 e - a javelin
Armour
 b - a +0 leather armour (worn)
 c - a +0 helmet (worn)
 i - a +0 buckler
 q - a +0 cloak (worn)
Jewellery
 o - a ring of magical power
Wands
 l - a wand of iceblast (13)
Scrolls
 h - 3 scrolls of teleportation
 r - 2 scrolls of identify
Potions
 f - a potion of invisibility
 g - a potion of might
 j - 2 potions of mutation {unknown}
 k - a potion of haste
 m - a potion of attraction
 n - 2 potions of curing
 p - 2 potions of degeneration {unknown}


   Skills:
 - Level 1.7 Fighting
 + Level 4.7 Long Blades
 - Level 1.5 Throwing
 - Level 3.2 Dodging


You had 2 spell levels left.
You didn't know any spells.
Your spell library contained the following spells:

 Spells                   Type           Power      Damage    Failure   Level
 Call Imp                 Summ           0%         N/A       58%         2
 Sublimation of Blood     Necr           0%         N/A       58%         2
 Summon Hydra             Summ           0%         N/A       100%        7


Dungeon Overview and Level Annotations

Branches:
Dungeon (2/15)

Altars:

Annotations:
D:2 Natasha


Innate Abilities, Weirdness & Mutations

Your natural rate of healing is accelerated.
You have razor-sharp teeth.
You have supernaturally acute eyesight. (SInv)
You are afflicted with vampirism and can become a bat while bloodless.


Message History

Natasha growls in agony!
You hit the hobgoblin.
The hobgoblin is severely wounded.
The hobgoblin barely misses you.
You hit the hobgoblin.
You kill the hobgoblin!
No target in view!
You see here the felid corpse of Natasha.
Found a stone staircase leading down.
p - 2 fizzy black potions (gained 1) No target in view!
You see here 5 stones.
r - 2 scrolls of identify No target in view!
Found 6 stones.
No target in view!
Natasha, Servant of Life and Death comes into view.
Natasha hisses angrily.
Natasha stares at you and mumbles some strange words.
The magic dart hits you!
Natasha is nearby!
Natasha stares at you and mumbles some strange words.
You resist with some effort.
You closely miss Natasha. Natasha claws you!
Natasha stares at you and mumbles some strange words.
The magic dart hits you.
* * * LOW HITPOINT WARNING * * *
You are too injured to fight recklessly!
You closely miss Natasha. Natasha claws you but does no damage.
You hit Natasha but do no damage. Natasha barely misses you.
You closely miss Natasha. Natasha claws you.
* * * LOW HITPOINT WARNING * * *
You hit Natasha. Your bite misses Natasha.
Natasha is moderately wounded.
Natasha completely misses you.
You closely miss Natasha. Your bite misses Natasha.
Natasha is moderately wounded.
Natasha claws you!
You die...
Natasha curls up and begins to purr.

.....##.######.........>....##
##... #.#####...........##....
#... ..................###...
.. .........#####.#..#####..
........................†.
........#####......#)...
........# #...........
.......h# #...........
.......@# #...........
........# ##..........
........######..........
###.....................
##########......######
#.####..# #.# ##.##### #.#
#.##... ##.#####.#..##


You could see Natasha.

Vanquished Creatures
  Natasha (D:2)
  A dart slug (D:1)
  An endoplasm (D:1)
  A giant cockroach (D:1)
  5 goblins
  6 hobgoblins
  4 kobolds
  A quokka (D:1)
  2 ball pythons (D:1)
  3 bats
  3 frilled lizards (D:1)
  A rat (D:2)
29 creatures vanquished.

Notes
Turn   | Place    | Note
-------+----------+-------------------------------------------
     0 | D:1      | CInkIbrahim the Vampire Gladiator began the quest for the
                  | Orb.
     0 | D:1      | Reached XP level 1. HP: 16/16 MP: 1/1
   125 | D:1      | Reached XP level 2. HP: 22/22 MP: 2/2
   237 | D:1      | Reached skill level 4 in Long Blades
   728 | D:2      | Gained mutation: You are afflicted with vampirism and can
                  | become a bat while bloodless. [Vampire growth]
   728 | D:2      | Reached XP level 3. HP: 14/27 MP: 3/3
   872 | D:2      | Noticed Natasha
   877 | D:2      | Killed Natasha
   979 | D:2      | Noticed Natasha
   988 | D:2      | Slain by Natasha

Illustrated notes

Levels and vault maps discovered:
D:1:      wander_arrival_estate, layout_basic, minmay_pentomino_u4
D:2:      layout_rooms, serial_bayou_pond_b, uniq_natasha

Skill      XL: |  1  2 |
---------------+-------+-----
Long Blades    | 4 |  4.7
Fighting       | |  1.7
Throwing       | |  1.5
Dodging        | |  3.2

Action                     || total
---------------------------++-------
  Melee: Long sword        ||    86
         Bite              ||     8
    Use: Scroll            ||     8
 Armour: Leather armour    ||    55
  Dodge: Dodged            ||    72
